 Dungeon Crawl Stone Soup version 0.25-a0-346-g140ab784a8 (webtiles) character file.

Game seed: 7168705832296095433, levelgen mode: deterministic

608 ouaarrghh the Covert (level 7, -6/32 HPs)
             Began as a Spriggan Enchanter on Dec 31, 2019.
             Mangled by an orc
             ... wielding a +0 trident
              (7 damage)
             ... on level 4 of the Dungeon.
             The game lasted 00:31:18 (6544 turns).

ouaarrghh the Covert (Spriggan Enchanter)           Turns: 6544, Time: 00:31:18

Health: -6/32      AC:  2    Str:  4    XL:     7   Next: 19%
Magic:  10/14      EV: 18    Int: 18    God:
Gold:   157        SH:  0    Dex: 17    Spells: 5/14 levels left

rFire    . . .     SeeInvis +   a - +1 dagger
rCold    . . .     Gourm    .   (shield restricted)
rNeg     . . .     Faith    .   b - +0 robe
rPois    .         Spirit   .   (helmet restricted)
rElec    .         Reflect  .   (no cloak)
rCorr    .         Harm     .   (gloves unavailable)
MR       +....                  (boots unavailable)
Stlth    ++++......             (no amulet)
HPRegen  0.10/turn              g - ring of flight
MPRegen  0.14/turn              (no ring)

@: very quick
A: very small, unfitting armour, see invisible, herbivore, speed 3, slow
metabolism 2
a: Evoke Flight


You were on level 4 of the Dungeon.
You were not hungry.

You visited 1 branch of the dungeon, and saw 4 of its levels.

You collected 157 gold pieces.

Inventory:

Hand Weapons
 a - a +1 dagger (weapon)
Armour
 b - a +0 robe (worn)
Jewellery
 g - a ring of flight (left hand)
 o - an uncursed ring of protection from cold
Wands
 q - a wand of iceblast (16)
Scrolls
 c - 2 scrolls of immolation {unknown}
 h - a scroll of enchant weapon {unknown}
 i - a scroll of enchant armour {unknown}
 k - 3 scrolls of remove curse {unknown}
 m - a scroll of random uselessness {unknown}
 n - 2 scrolls of magic mapping {unknown}
 s - a scroll of fog {unknown}
 t - a scroll of identify
 u - a scroll of blinking {unknown}
Potions
 d - 2 potions of berserk rage {unknown}
 e - a potion of cancellation {unknown}
 f - a potion of lignification {unknown}
 j - 3 potions of curing {unknown}
 l - 2 potions of resistance {unknown}
 p - 2 potions of flight
 r - a potion of might {unknown}


   Skills:
 - Level 5.3 Short Blades
 - Level 3.0 Dodging
 - Level 8.0 Stealth
 - Level 4.0 Spellcasting
 * Level 5.5 Hexes


You had 5 spell levels left.
You knew the following spells:

 Your Spells              Type           Power        Failure   Level  Hunger
a - Corona                Hex            ###....      1%          1    None
b - Ensorcelled Hibernat  Hex/Ice        ##....       7%          2    ##.....
c - Confuse               Hex            ###.....     4%          3    ###....
d - Tukima's Dance        Hex            ###.....     4%          3    ###....

Your spell library contained the following spells:

 Spells                   Type           Power        Failure   Level  Hunger
 Animate Skeleton         Necr           N/A          14%         1    None
 Pain                     Necr           #...         14%         1    None
 Dazzling Flash           Conj/Hex       ##....       14%         3    ###....
 Regeneration             Chrm/Necr      #.........   41%         3    ###....
 Vampiric Draining        Necr           #.........   41%         3    ###....
 Animate Dead             Necr           N/A          82%         4    ####...


Dungeon Overview and Level Annotations

Branches:
Dungeon (4/15)
 Temple: D:4-7

Altars:
Nemelex Xobeh
Trog
Vehumet

Annotations:
D:4 Blork the orc


Innate Abilities, Weirdness & Mutations

You are very small and have problems with some larger weapons.
You are too small for most types of armour.
You have supernaturally acute eyesight. (SInv)
You are a herbivore.
You cover ground extremely quickly.
You need to consume almost no food.


Message History

The quokka skeleton bites you.
You hit the quokka skeleton.
You destroy the quokka skeleton!
The orc hits you from afar with a +0 trident!
You closely miss the orc. The orc hits you with a +0 trident.
You closely miss the orc. The orc misses you.
You hit the orc.
The orc is moderately wounded.
You hit the orc but do no damage.
The orc is moderately wounded.
The orc misses you.
You completely miss the orc.
The orc is moderately wounded.
The orc hits you with a +0 trident!
* * * LOW HITPOINT WARNING * * *
A hound comes into view.
You hit the orc.
The orc is heavily wounded.
The orc hits you from afar with a +0 trident!
You die...

#..................#
######h.#............... #
.(.............#.###.##.
##.######...........###.
......###...##.#........
#..#.....(.............#
###.>....#.o..[....#..##.. #.
#..........[........##....#
#.##.#.##......@)............
#....#.................###..#
.................###.### .#
#...............## .#
...........###.## .#
............##.# .#
.#..........#..# .#
#.........†..##
#...........###


You could see a hound and an orc.

Vanquished Creatures
  Eustachio (D:4)
  Duvessa (D:4)
  Dowan (D:4)
  A howler monkey (D:3)
  2 hounds
  A worker ant (D:4)
  A worker ant zombie (D:3)
  3 gnolls
  6 adders
  An ooze (D:1)
  4 worms
  2 dart slugs (D:1)
  3 leopard geckos
  11 orcs
  7 giant cockroaches
  6 goblins
  5 hobgoblins
  4 jackals
  6 kobolds
  5 quokkas
  4 ball pythons
  6 bats
  8 frilled lizards
  A quokka skeleton (D:4)
  7 rats
97 creatures vanquished.

Notes
Turn   | Place    | Note
-------+----------+-------------------------------------------
     0 | D:1      | ouaarrghh the Spriggan Enchanter began the quest for the
                  | Orb.
     0 | D:1      | Reached XP level 1. HP: 9/9 MP: 5/5
   253 | D:1      | Reached skill level 5 in Stealth
   265 | D:1      | Reached XP level 2. HP: 7/13 MP: 6/6
   403 | D:1      | Learned a level 2 spell: Ensorcelled Hibernation
   817 | D:1      | Reached XP level 3. HP: 16/16 MP: 6/8
   840 | D:1      | Learned a level 3 spell: Confuse
   997 | D:1      | Reached skill level 6 in Stealth
  1474 | D:2      | Found a sparkling altar of Nemelex Xobeh.
  1475 | D:2      | Found a radiant altar of Vehumet.
  1931 | D:2      | Reached XP level 4. HP: 21/21 MP: 9/9
  2148 | D:2      | Reached skill level 7 in Stealth
  3418 | D:2      | Reached XP level 5. HP: 17/24 MP: 7/10
  3547 | D:2      | Reached skill level 8 in Stealth
  4080 | D:3      | Noticed an eye of draining
  4586 | D:3      | Noticed an eye of draining
  4707 | D:3      | Found a bloodstained altar of Trog.
  4727 | D:4      | Noticed Dowan
  4730 | D:4      | Noticed Duvessa
  4957 | D:4      | Noticed Blork the orc
  5161 | D:3      | Reached XP level 6. HP: 28/28 MP: 4/11
  5237 | D:4      | Killed Dowan
  5237 | D:4      | Reached skill level 5 in Short Blades
  5476 | D:4      | Learned a level 3 spell: Tukima's Dance
  5508 | D:4      | Noticed Eustachio
  6000 | D:4      | Killed Eustachio
  6249 | D:4      | Killed Duvessa
  6249 | D:4      | Reached skill level 5 in Hexes
  6249 | D:4      | Reached XP level 7. HP: 32/32 MP: 8/14
  6542 | D:4      | HP: 1/32 [orc/+0 trident (10)]
  6544 | D:4      | Mangled by an orc

Levels and vault maps discovered:
D:1:      giann_wishing_wells, layout_rooms, minivault_5
D:2:      layout_loops_ring, chequers_temple_overflow_statue_of_worship
D:3:      layout_basic, minmay_strange_pillars, trog_eyes_of_draining
D:4:      layout_rooms, uniq_blork_the_orc, uniq_eustachio, uniq_duvessa

Skill      XL: |  1  2  3  4  5  6 |
---------------+-------------------+-----
Stealth        | 5 6 7 8 |  8.0
Short Blades   | 2 3 4 5 |  5.3
Hexes          | 5 |  5.5
Spellcasting   | 4 |  4.0
Dodging        | |  3.0

Action                   |  1- 3 |  4- 6 |  7- 9 || total
-------------------------+-------+-------+-------++-------
Melee: Dagger            |   115 |   226 |    13 ||   354
 Cast: Ensorcelled Hiber |    17 |    58 |    11 ||    86
       Confuse           |     5 |     5 |       ||    10
  Use: Scroll            |     1 |     3 |       ||     4
       Potion            |       |     1 |       ||     1
 Stab: Sleeping          |    27 |    28 |     4 ||    59
       Distracted        |     1 |       |       ||     1
       Confused          |     1 |     2 |       ||     3
  Eat: Ration            |       |     5 |       ||     5
Armor: Robe              |     4 |    12 |     1 ||    17
Dodge: Dodged            |    74 |   217 |    14 ||   305

Table legend:
 A = Non-vault XP
 B = Vault XP
 C = Vault XP percentage of total XP
 D = Non-vault monster count
 E = Vault monster count
 F = Vault count percentage of total count
                 A         B        C        D         E       F
            +---------+---------+-------+---------+---------+-------
      Total |     475 |     394 |  45.3 |      92 |       5 |   5.2
            +---------+---------+-------+---------+---------+-------
        D:1 |      50 |       0 |   0.0 |      23 |       0 |   0.0
        D:2 |     130 |       0 |   0.0 |      34 |       0 |   0.0
        D:3 |     191 |       3 |   1.5 |      25 |       2 |   7.4
        D:4 |     104 |     391 |  79.0 |      10 |       3 |  23.1
            +---------+---------+-------+---------+---------+-------
